 Dungeon Crawl Stone Soup version 0.23.0 (webtiles) character file.

Game seed: 7018548963430486713

149 misha the Shield-Bearer (level 5, -10/46 HPs)
             Began as a Minotaur Fighter on Feb 16, 2019.
             Killed by nerve-wracking pain
             ... invoked by Grinder
              (12 damage)
             ... on level 3 of the Dungeon.
             The game lasted 00:13:23 (1630 turns).

misha the Shield-Bearer (Minotaur Fighter)          Turns: 1630, Time: 00:13:24

Health: -10/46     AC: 10    Str: 26    XL:     5   Next: 9%
Magic:  4/4        EV:  6    Int:  5    God:
Gold:   123        SH: 10    Dex: 10    Spells: 4/4 levels left

rFire    . . .     SeeInvis .   s - -3 spear (curse)
rCold    . . .     Gourm    .   c - +0 shield
rNeg     . . .     Faith    .   h - +0 chain mail
rPois    .         Spirit   .   (helmet restricted)
rElec    .         Reflect  .   (no cloak)
rCorr    .         Harm     .   (no gloves)
MR       .....                  w - +0 pair of boots
Stlth    ..........             (no amulet)
HPRegen  0.15/turn              (no ring)
MPRegen  0.09/turn              (no ring)

@: mighty
A: retaliatory headbutt, horns 2
a: no special abilities


You were on level 3 of the Dungeon.
You were very full.

You visited 1 branch of the dungeon, and saw 3 of its levels.

You collected 123 gold pieces.

Inventory:

Hand Weapons
 a - a +0 war axe
 o - a +0 halberd
 p - a +0 hand axe
 s - a cursed -3 spear (weapon)
 E - a +0 flail
Missiles
 u - 38 bolts
 v - 51 arrows
Armour
 b - a +0 scale mail
 c - a +0 shield (worn)
 h - a +0 chain mail (worn)
 j - a +0 shield
 l - a +0 ring mail
 w - a +0 pair of boots (worn)
Scrolls
 g - 3 scrolls of identify {unknown}
 i - a scroll of remove curse {unknown}
 m - 3 scrolls of teleportation {unknown}
 y - a scroll of random uselessness {unknown}
 B - a scroll of enchant armour {unknown}
 C - a scroll of amnesia {unknown}
 D - a scroll of fear {unknown}
Potions
 e - a potion of resistance {unknown}
 k - a potion of lignification {unknown}
 n - 2 potions of cancellation {unknown}
 q - 4 potions of flight {unknown}
 r - a potion of magic {unknown}
 t - 2 potions of agility {unknown}
 x - a potion of berserk rage {unknown}
 z - 2 potions of curing {unknown}
 A - a potion of heal wounds {unknown}
Comestibles
 f - 3 rations


   Skills:
 + Level 4.3 Fighting
 + Level 3.8(4.1) Axes
 + Level 1.9(3.1) Polearms
 + Level 4.4 Armour
 + Level 0.3 Dodging
 + Level 0.4 Stealth
 + Level 4.5 Shields


You had 4 spell levels left.
You didn't know any spells.
Your spell library was empty.

Dungeon Overview and Level Annotations

Branches:
Dungeon (3/15)

Altars:
Cheibriados

Annotations:
D:3 Grinder


Innate Abilities, Weirdness & Mutations

You reflexively headbutt those who attack you in melee.
You have a pair of horns on your head.


Message History

You are too injured to fight recklessly!
You are too injured to fight recklessly!
You feel very mighty all of a sudden. You block Grinder's attack.
You are too injured to fight recklessly!
You are too injured to fight recklessly!
You are too injured to fight recklessly!
You closely miss Grinder.
Grinder is lightly wounded.
You block Grinder's attack.
You are too injured to fight recklessly!
You closely miss Grinder. Your headbutt misses Grinder.
Grinder is lightly wounded.
Grinder gestures at you.
You barely resist. You barely miss Grinder.
Grinder is lightly wounded.
Grinder gestures at you. Pain shoots through your body!
You die...

####>..#.###.#.#
### #......>.#
... ...
####.#.#.###.#
..#
#.#.......##o.#
#.####...##.. #.
##..#.# .. ###w#
#. #5# #@#
#........
#.##.#### ... #
#.# #.# #.# #.#


You could see Grinder and a worm.

Vanquished Creatures
  Ijyb (D:3)
  A gnoll (D:1)
  5 adders
  An adder skeleton (D:2)
  2 dart slugs
  A leopard gecko (D:1)
  4 orcs (D:3)
  2 ball pythons (D:2)
  4 bats
  A giant cockroach (D:3)
  7 goblins
  7 hobgoblins
  2 jackals (D:3)
  5 frilled lizards
  8 kobolds
  9 rats
60 creatures vanquished.

Notes
Turn   | Place    | Note
-------+----------+-------------------------------------------
     0 | D:1      | misha the Minotaur Fighter began the quest for the Orb.
     0 | D:1      | Reached XP level 1. HP: 19/19 MP: 0/0
   128 | D:1      | Reached XP level 2. HP: 27/27 MP: 1/1
   312 | D:1      | Reached XP level 3. HP: 26/33 MP: 2/2
   777 | D:2      | Found a snail-covered altar of Cheibriados.
  1064 | D:2      | Reached XP level 4. HP: 40/40 MP: 3/3
  1370 | D:3      | Reached skill level 1 in Polearms
  1573 | D:3      | Noticed Grinder
  1578 | D:3      | Noticed Ijyb
  1607 | D:3      | Killed Ijyb
  1607 | D:3      | Reached XP level 5. HP: 46/46 MP: 4/4
  1626 | D:3      | HP: 2/46 [Grinder (6)]
  1630 | D:3      | Killed from afar by Grinder

Skill      XL: |  1  2  3  4 |
---------------+-------------+-----
Fighting       | 4 |  4.3
Axes           | 3 |  3.8
Shields        | 4 |  4.5
Armour         | 4 |  4.4
Polearms       | 1 |  1.9
Dodging        | |  0.3
Stealth        | |  0.4

Action                   |  1- 3 |  4- 6 || total
-------------------------+-------+-------++-------
Melee: War axe           |    50 |       ||    50
       Headbutt          |    12 |    20 ||    32
       Spear             |    28 |   126 ||   154
  Use: Potion            |       |     1 ||     1
  Eat: Ration            |       |     2 ||     2
       Chunk             |       |     2 ||     2
Armor: Scale mail        |    15 |       ||    15
       Ring mail         |     1 |       ||     1
       Chain mail        |     8 |    37 ||    45
Dodge: Dodged            |    22 |    21 ||    43
Block: Shield            |    33 |    40 ||    73
